 Dungeon Crawl Stone Soup version 0.28.0-53-g5a82cb258f (webtiles) character file.

Game seed: 9405880274116552611

11 LynnLen the Sneak (level 2, -1/15 HPs)
             Began as a Vampire Enchanter on Aug 17, 2022.
             Slain by a hobgoblin (5 damage)
             ... on level 1 of the Dungeon.
             The game lasted 00:01:03 (468 turns).

LynnLen the Sneak (Vampire Enchanter)                Turns: 468, Time: 00:01:04

Health: -1/15      AC:  2    Str:  7    XL:     2   Next: 13%
Magic:  5/5        EV: 12    Int: 17    God:
Gold:   35         SH:  0    Dex: 14    Spells: 5/5 levels left

rFire   . . .      SeeInvis +   a - +1 dagger
rCold   + + .      Faith    .   (no shield)
rNeg    + + +      Spirit   .   b - +0 robe
rPois   ∞          Reflect  .   (no helmet)
rElec   .          Harm     .   (no cloak)
rCorr   .          Rampage  .   (no gloves)
Will    .....                   (no boots)
Stlth   +++++.....              (no amulet)
HPRegen 0.00/turn               (no ring)
MPRegen 0.09/turn               (no ring)

@: bloodless, inhibited regen
A: bloodless, fangs 3, see invisible, vampiric 1
a: Revivify


You were on level 1 of the Dungeon.
You visited 1 branch of the dungeon, and saw 1 of its levels.

You collected 35 gold pieces.

Inventory:

Hand Weapons
 a - a +1 dagger (weapon)
Armour
 b - a +0 robe (worn)
Scrolls
 e - a scroll of identify {unknown}
Potions
 c - a potion of invisibility
 d - a potion of mutation {unknown}


   Skills:
 + Level 1.9 Short Blades
 - Level 2.1 Dodging
 + Level 5.0 Stealth
 - Level 2.0 Spellcasting
 - Level 4.4 Hexes


You had 5 spell levels left.
You didn't know any spells.
Your spell library contained the following spells:

 Spells                   Type           Power      Damage    Failure   Level
 Confusing Touch          Hex            16%        N/A       10%         3
 Tukima's Dance           Hex            16%        N/A       10%         3
 Ensorcelled Hibernation  Hex/Ice        18%        N/A       12%         2
 Dazzling Flash           Conj/Hex       18%        N/A       24%         3


Dungeon Overview and Level Annotations

Branches:
Dungeon (1/15)

Altars:


Innate Abilities, Weirdness & Mutations

You do not regenerate when monsters are visible.
You are frail without blood (-20% HP).
You can heal yourself when you bite living creatures.
You are immune to poison.
You have razor-sharp teeth.
You have supernaturally acute eyesight. (SInv)
You are afflicted with vampirism.


Message History

The ball python barely misses you.
You hit the ball python.
The ball python is severely wounded.
The ball python closely misses you. The ball python grabs you.
The ball python constricts you.
You closely miss the ball python.
The ball python is severely wounded.
The ball python barely misses you. The ball python constricts you.
You hit the ball python.
You kill the ball python!
You have reached level 2!
Found an emerald potion.
Found a stone staircase leading down.
A ball python comes into view.
Found a plate armour.
An endoplasm and a hobgoblin come into view.
The helpless ball python fails to defend itself.
You bite the ball python, and draw its blood!
You impale the ball python!!
You kill the ball python!
Your Stealth skill increases to level 5!
You see here a ball python corpse.
A goblin comes into view. It is wielding a +0 club.
A hobgoblin and a rat come into view.
A ball python comes into view.
The helpless endoplasm fails to defend itself.
You impale the endoplasm!!
You kill the endoplasm!
Found 14 sling bullets.
You see here a ball python corpse.
The hobgoblin hits you. The hobgoblin hits you.
You closely miss the hobgoblin. You hit the hobgoblin.
The hobgoblin is moderately wounded.
The hobgoblin hits you.
* * * LOW HITPOINT WARNING * * *
You barely miss the hobgoblin.
The hobgoblin is moderately wounded.
The hobgoblin hits you.
You die...

#.# .# ..# #.>## ... #.#
.#l.# #...##.# #.##...##
#.#...! #.......# ##.#...#
..g..( ######..##.#
#..#.#.# .....g .... ...#
.#####.#..#.##........S .#
###..#
.#......##............ #
#.##...##g#....#..........
#
.####.##@#...............
# .# #.#..#..†.........l..
.# ##...##.............#
## #.#
#..####.............# .#
#.# #.## #.............#
.# #.# #.# #.............#
.### #.###.#
#....[........#
.>.#####.##.†#
#............##
.........##.##
#####........#


You could see a hobgoblin.

Vanquished Creatures
  A dart slug (D:1)
  An endoplasm (D:1)
  2 kobolds (D:1)
  3 ball pythons (D:1)
  A bat (D:1)
  A frilled lizard (D:1)
9 creatures vanquished.

Notes
Turn   | Place    | Note
-------+----------+-------------------------------------------
     0 | D:1      | LynnLen the Vampire Enchanter began the quest for the Orb.
     0 | D:1      | Reached XP level 1. HP: 13/13 MP: 3/3
   428 | D:1      | Reached XP level 2. HP: 15/15 MP: 5/5
   444 | D:1      | Reached skill level 5 in Stealth
   468 | D:1      | Slain by a hobgoblin

Illustrated notes

Levels and vault maps discovered:
D:1:      kilobyte_arrival_exit_the_forest, layout_rooms

Skill      XL: |  1  2 |
---------------+-------+-----
Stealth        | 5 |  5.0
Short Blades   | |  1.9
Dodging        | |  2.1
Spellcasting   | |  2.0
Hexes          | |  4.4

Action                   || total
-------------------------++-------
Melee: Dagger            ||    21
 Abil: Exsanguinate      ||     1
 Stab: Sleeping          ||     5
Armor: Robe              ||     3
Dodge: Dodged            ||     6
